 Dungeon Crawl Stone Soup version 0.27-a0-1140-g099f9bb0e8 (webtiles) character file.

Game seed: 10711366928730280436

30 freelancePsychic the Sneak (level 3, 23/23 HPs)
             Began as a Kobold Delver on May 10, 2021.
             Was a Follower of Yredelemnul.
             Quit the game on level 3 of the Dungeon.
             The game lasted 00:01:04 (100 turns).

freelancePsychic the Sneak (Kobold Delver)           Turns: 100, Time: 00:01:05

Health: 23/23      AC:  3    Str:  9    XL:     3   Next: 35%
Magic:  3/3        EV: 14    Int: 12    God:    Yredelemnul [*.....]
Gold:   21         SH:  0    Dex: 16    Spells: 2/2 levels left

rFire    . . .     SeeInvis .   a - +0 short sword
rCold    . . .     Faith    .   (shield restricted)
rNeg     . . .     Spirit   .   b - +0 leather armour
rPois    .         Reflect  .   (no helmet)
rElec    .         Harm     .   (no cloak)
rCorr    .         Rampage  .   (no gloves)
Will     .....                  (no boots)
Stlth    ++++......             (no amulet)
HPRegen  0.07/turn              (no ring)
MPRegen  0.08/turn              (no ring)

@: no status effects
A: small, no large weapons, nightstalker 3
a: Renounce Religion, Animate Remains


You were on level 3 of the Dungeon.
You worshipped Yredelemnul.
Yredelemnul was aware of your devotion.
You visited 1 branch of the dungeon, and saw 3 of its levels.

You collected 21 gold pieces.

Inventory:

Hand Weapons
 a - a +0 short sword (weapon)
Armour
 b - a +0 leather armour (worn)
 h - a +0 pair of boots
Wands
 g - a wand of digging (3)
Scrolls
 c - a scroll of fog
 e - a scroll of fear
Potions
 d - a potion of magic {unknown}
 f - a potion of haste {@q3}


   Skills:
 - Level 3.2 Fighting
 + Level 3.8 Short Blades
 - Level 2.4 Dodging
 + Level 7.3 Stealth


You had 2 spell levels left.
You didn't know any spells.
Your spell library was empty.

Dungeon Overview and Level Annotations

Branches:
Dungeon (5/15)             Temple (0/1) D:5

Altars:
Yredelemnul


Innate Abilities, Weirdness & Mutations

You are small and have problems with some larger weapons.
You are completely attuned to the shadows.


Message History

Found a stone staircase leading up.
A ball python comes into view.
The ball python hisses angrily.
Things that are here:
a viscous brown potion; 13 gold pieces
d - a viscous brown potion You now have 21 gold pieces (gained 13).
The ball python barely misses you. The ball python closely misses you.
The goblin shouts!
You hit the ball python.
You kill the ball python!
You hit the goblin.
The goblin is severely wounded.
The goblin hits you but does no damage.
You hit the goblin.
You kill the goblin!
Found a falchion.
There is a stone staircase leading up here.
You climb upwards.
A goblin comes into view. It is wielding a +0 club.
There is a stone staircase leading down here.
The helpless goblin fails to defend itself.
You impale the goblin!!
You kill the goblin!
Things that are here:
a +0 club; a goblin corpse
Found 27 stones.
You see here 27 stones.
As you open the door, it creaks loudly!
Found a pair of boots.
There is an open door here.
Found a faded altar of an unknown god.
You see here a +0 pair of boots.
h - a +0 pair of boots
There is a faded altar of an unknown god here.
You cannot tell which god this altar belongs to.
Convert to them anyway?
Yredelemnul accepts your prayer! Yredelemnul welcomes you!
You can now animate remains.
Are you sure you want to abandon this character and quit the game? (Confirm with "yes".)

#.# #.#
#.# #.#
#.# .#
#.# .#
#.#
##.###
#.#
#.....
#.#
##@....#
#.#
#......#
#.#
#......#
#.#
#......#
#.#
#......#
#.#
###'####
#.# #.#
#.# #.#
#(# #.#


There were no monsters in sight!

Vanquished Creatures
  An iguana (D:5)
  2 goblins
  2 ball pythons (D:4)
5 creatures vanquished.

Notes
Turn   | Place    | Note
-------+----------+-------------------------------------------
     0 | D:5      | freelancePsychic the Kobold Delver began the quest for the
                  | Orb.
     0 | D:5      | Reached XP level 1. HP: 14/14 MP: 1/1
    10 | D:5      | Noticed an iguana
    12 | D:5      | Killed an iguana
    13 | D:5      | Reached skill level 7 in Stealth
    13 | D:5      | Reached XP level 2. HP: 19/19 MP: 2/2
    13 | D:5      | Reached XP level 3. HP: 23/23 MP: 3/3
    93 | D:3      | Found a faded altar of an unknown god.
    99 | D:3      | Became a worshipper of Yredelemnul the Dark
    99 | D:3      | Reached * piety under Yredelemnul
   100 | D:3      | Quit the game

Illustrated notes

Levels and vault maps discovered:
D:3:      layout_basic, nicolae_overflow_crystal_walls, basic_ecumenical_altar,
          uniq_sigmund
D:4:      layout_rooms, dk_yredelemnul_ordeal, minmay_misc_feat_roman,
          uniq_eustachio, uniq_crazy_yiuf_cottage, uniq_natasha
D:5:      layout_loops_ring, kennysheep_mini_moat, minmay_temple_entry_waves,
          minmay_a_box_with_orc_wizards_in_it, uniq_duvessa, uniq_grinder,
          uniq_blork_the_orc

Skill      XL: |  1 |
---------------+----+-----
Short Blades   | 3 |  3.8
Stealth        | 7 |  7.3
Fighting       | |  3.2
Dodging        | |  2.4

Action                   || total
-------------------------++-------
Melee: Short sword       ||     6
  Use: Scroll            ||     1
 Stab: Sleeping          ||     3
Armor: Leather armour    ||     1
Dodge: Dodged            ||     2

Table legend: (Time is in decaauts)
 A = Elapsed time spent in this place.
 B = Non-inter-level travel time spent in this place.
 C = Inter-level travel time spent in this place.
 D = Time resting spent in this place.
 E = Time spent auto-exploring this place.
 F = Levels seen in this place.
 G = Mean time per level.
                   A        B        C        D        E       F      G
               +--------+--------+--------+--------+--------+-----+--------+
         Total |     99 |     99 |      0 |      0 |     40 |   3 |   33.0 |
       Dungeon |     99 |     99 |      0 |      0 |     40 |   3 |   33.0 |
               +--------+--------+--------+--------+--------+-----+--------+

Top non-repeatable levels by time:
     D:3: 45 daAuts
     D:5: 34 daAuts
     D:4: 19 daAuts
